 Dungeon Crawl Stone Soup version 0.30-a0-374-g95c0257040 (webtiles) character file.

Game seed: 9854889309891277445

11 Shayle the Conjurer (level 2, 22/22 HPs)
             Began as a Demonspawn Reaver on Nov 26, 2022.
             Quit the game on level 1 of the Dungeon.
             The game lasted 00:01:24 (357 turns).

Shayle the Conjurer (Demonspawn Reaver)              Turns: 357, Time: 00:01:25

Health: 22/22      AC:  3    Str: 12    XL:     2   Next: 17%
Magic:  5/5        EV: 11    Int: 14    God:
Gold:   13         SH:  0    Dex: 11    Spells: 4/5 levels left

rFire   . . .      SeeInvis .    a - +0 hand axe
rCold   . . .      Faith    .    (no shield)
rNeg    . . .      Spirit   .    b - +0 leather armour
rPois   .          Reflect  .    (no helmet)
rElec   .          Harm     .    (no cloak)
rCorr   .          Rampage  .    (no gloves)
Will    .....                    (no boots)
Stlth   +.........               (no amulet)
HPRegen 0.23/turn                (no ring)
MPRegen 0.09/turn                (no ring)

@: no status effects
A: demonic guardian 1
a: no special abilities


You were on level 1 of the Dungeon.
You visited 1 branch of the dungeon, and saw 1 of its levels.

You collected 13 gold pieces.

Inventory:

Hand Weapons
 a - a +0 hand axe (weapon)
Armour
 b - a +0 leather armour (worn)
Scrolls
 d - a scroll of acquirement {unknown}
Potions
 c - a potion of mutation {unknown}
 e - a potion of might {unknown}


   Skills:
 + Level 2.2 Fighting
 - Level 2.6 Axes
 + Level 0.6 Armour
 - Level 1.7 Dodging
 * Level 1.2 Stealth
 - Level 2.0 Spellcasting
 - Level 3.0 Conjurations


You had 4 spell levels left.
You knew the following spells:

 Your Spells              Type           Power      Damage    Failure   Level
a - Kiss of Death         Conj/Necr      20%        2d7       16%         1

Your spell library contained the following spells:

 Spells                   Type           Power      Damage    Failure   Level
 Momentum Strike          Conj/Tloc      10%        3d8       24%         2
 Hailstorm                Conj/Ice       5%         3d4       43%         3


Dungeon Overview and Level Annotations

Branches:
Dungeon (1/15)

Altars:


Innate Abilities, Weirdness & Mutations

A weak demonic guardian rushes to your aid.


Message History

The hobgoblin attacks as you move away! The hobgoblin closely misses you.
The endoplasm attacks as you move away! The endoplasm hits you.
The endoplasm closely misses you. The hobgoblin attacks as you move away!
The hobgoblin hits you. The endoplasm attacks as you move away!
The endoplasm hits you but does no damage.
There is an open door here.
The endoplasm attacks as you move away!
The endoplasm hits you but does no damage.
You barely miss the endoplasm.
The endoplasm hits you but does no damage.
You hit the endoplasm.
The endoplasm is severely wounded.
The endoplasm freezes you.
You are frozen.
You hit the endoplasm.
You kill the endoplasm!
The ball python barely misses you. The ball python closely misses you.
You have reached level 2!
Your demonic ancestry asserts itself...
You feel the presence of a demonic guardian.
You slash the ball python!
You kill the ball python!
You hit the hobgoblin.
The hobgoblin is lightly wounded.
The hobgoblin hits you. The hobgoblin misses you.
You hit the hobgoblin.
You kill the hobgoblin!
You closely miss the goblin. The goblin completely misses you.
You closely miss the goblin. The goblin hits you with a +0 dagger.
You hit the goblin.
The goblin is moderately wounded.
The goblin hits you but does no damage.
You closely miss the goblin. You punch the goblin.
You kill the goblin!
Things that are here:
a +0 dagger; a goblin corpse; a hobgoblin corpse You start resting.
HP restored.
Are you sure you want to abandon this character and quit the game? (Confirm with "yes".)

#.......'......#
#.......#......#
#..######....### #.. #....#
#.. #.#### #.. #g# ###..#
#.# #....######.###########
#.....)@..............#
####....######...........#
#.........###............#.
#..........##.########...#.
#..........##.########...#.
#...........#............#.
#.........#...##########.#.
#.........###...#........#.
#.........# ###.#.########.


There were no monsters in sight!

Vanquished Creatures
  A bat (D:1)
  2 endoplasms (D:1)
  A goblin (D:1)
  3 hobgoblins (D:1)
  A quokka (D:1)
  A ball python (D:1)
9 creatures vanquished.

Notes
Turn   | Place    | Note
-------+----------+-------------------------------------------
     0 | D:1      | Shayle the Demonspawn Reaver began the quest for the Orb.
     0 | D:1      | Reached XP level 1. HP: 16/16 MP: 3/3
   255 | D:1      | Reached skill level 1 in Stealth
   289 | D:1      | Gained mutation: A weak demonic guardian rushes to your
                  | aid. [demonic ancestry]
   289 | D:1      | Reached XP level 2. HP: 9/22 MP: 5/5
   357 | D:1      | Quit the game

Illustrated notes

Levels and vault maps discovered:
D:1:      elethiomel_arrival_maze, layout_basic

Skill      XL: |  1 |
---------------+----+-----
Stealth        | 1 |  1.2
Fighting       | |  2.2
Axes           | |  2.6
Armour         | |  0.6
Dodging        | |  1.7
Spellcasting   | |  2.0
Conjurations   | |  3.0

Action                   || total
-------------------------++-------
Melee: Hand axe          ||    35
       Punch             ||     1
 Stab: Sleeping          ||     1
Armor: Leather armour    ||    13
Dodge: Dodged            ||    27

Table legend: (Time is in decaauts)
 A = Elapsed time spent in this place.
 B = Non-inter-level travel time spent in this place.
 C = Inter-level travel time spent in this place.
 D = Time resting spent in this place.
 E = Time spent auto-exploring this place.
 F = Levels seen in this place.
 G = Mean time per level.
                   A        B        C        D        E       F      G
               +--------+--------+--------+--------+--------+-----+--------+
         Total |    362 |    362 |      0 |     50 |    201 |   1 |  362.0 |
       Dungeon |    362 |    362 |      0 |     50 |    201 |   1 |  362.0 |
               +--------+--------+--------+--------+--------+-----+--------+

Top non-repeatable levels by time:
     D:1: 362 daAuts
